 Dungeon Crawl Stone Soup version 0.19-a0-1697-g0595f0e (webtiles) character file.

16 KristoblXynda the Sneak (level 2, -6/13 HPs)
             Began as a Spriggan Enchanter on Sept 26, 2016.
             Mangled by Sigmund
             ... wielding a +0 scythe
              (9 damage)
             ... on level 2 of the Dungeon.
             The game lasted 00:01:09 (555 turns).

KristoblXynda the Sneak (Spriggan Enchanter)         Turns: 555, Time: 00:01:10

Health: -6/13      AC:  4    Str:  4    XL:     2   Next: 37%
Magic:  7/7        EV: 18    Int: 16    God:
Gold:   94         SH:  0    Dex: 16    Spells: 2 memorised, 4 levels left

rFire  . . .     SeeInvis +     a - +1 dagger
rCold  . . .     Gourm    .     b - +1 robe
rNeg   . . .     Faith    .     (shield restricted)
rPois  .         Spirit   .     (helmet restricted)
rElec  .         Dismiss  .     (no cloak)
rCorr  .         Reflect  .     (gloves unavailable)
MR     .....     Harm     .     (boots unavailable)
Stlth  +.........               (no amulet)
                                (no ring)
                                (no ring)

@: confused, very quick
A: unfitting armour, see invisible, herbivore 3, speed 3, slow metabolism 2
a: no special abilities


You were on level 2 of the Dungeon.
You were not hungry.

You visited 1 branch of the dungeon, and saw 2 of its levels.

You collected 94 gold pieces.

Inventory:

Hand Weapons
 a - a +1 dagger (weapon)
Armour
 b - a +1 robe (worn)
Scrolls
 e - 2 scrolls of magic mapping {unknown}
 f - a scroll of fog {unknown}
 g - 2 scrolls of identify {unknown}
 h - a scroll of remove curse {unknown}
 i - a scroll of random uselessness {unknown}
 j - a scroll of amnesia {unknown}
 k - a scroll of teleportation {unknown}
Books
 c - a book of Maledictions

   Spells                             Type                      Level
   a - Corona                         Hexes                        1
   b - Ensorcelled Hibernation        Hexes/Ice                    2
   c - Confuse                        Hexes                        3
   d - Tukima's Dance                 Hexes                        3
   e - Dazzling Spray                 Conjuration/Hexes            3
Comestibles
 d - a bread ration


   Skills:
 - Level 1.1 Short Blades
 - Level 3.0 Dodging
 + Level 5.3 Stealth
 + Level 3.0 Spellcasting
 + Level 3.8 Hexes


You had 4 spell levels left.
You knew the following spells:

 Your Spells              Type           Power        Failure   Level  Hunger
a - Corona                Hex            ##.....      4%          1    #......
b - Ensorcelled Hibernat  Hex/Ice        #.....       14%         2    ##.....


Dungeon Overview and Level Annotations

Branches:
Dungeon (2/15)

Altars:

Annotations:
D:2 Sigmund


Innate Abilities, Weirdness & Mutations

You are very small and have problems with some larger weapons.
You are too small for most types of armour.
You have supernaturally acute eyesight. (SInv)
You are a herbivore.
You cover ground extremely quickly.
You need consume almost no food.


Message History

Sigmund casts a spell at you.
You are confused.
Unknown command.
Sigmund completely misses you.
Sigmund points at you and mumbles some strange words.
You are more confused.
You bump into the rock wall.
Sigmund casts a spell at you. The puff of flame hits you!
Ouch! That really hurt!
* * * LOW HITPOINT WARNING * * *
You closely miss Sigmund.
Sigmund is heavily wounded.
Sigmund closely misses you. Sigmund closely misses you.
You're too confused to move!
You bump into the rock wall.
Sigmund hits you from afar with a scythe!
Ouch! That really hurt!
You die...

######## ######
#######. ........
....... ........
...... .......
>.......
...##.....##
######## #.........#
#.........# ######
#.........#####.....
#@..................
#.#@..#########...##
#.#...##......###.#
#.#...##....#.....#
#.#...#####.#######
..#...'............
###...#####.#######
#...# #.# #...# #)#
#...# #.#


You could see Sigmund.

Vanquished Creatures
  2 dart slugs (D:1)
  A leopard gecko (D:1)
  2 goblins (D:1)
  A hobgoblin (D:2)
  A bat (D:1)
  A frilled lizard (D:1)
  2 kobolds (D:1)
  A rat (D:2)
11 creatures vanquished.

Notes
Turn   | Place    | Note
-------+----------+-------------------------------------------
     0 | D:1      | KristoblXynda the Spriggan Enchanter began the quest for the Orb.
     0 | D:1      | Reached XP level 1. HP: 9/9 MP: 5/5
   234 | D:1      | Reached skill level 5 in Stealth
   234 | D:1      | Reached XP level 2. HP: 10/13 MP: 6/6
   463 | D:1      | Learned a level 2 spell: Ensorcelled Hibernation
   533 | D:2      | Noticed Sigmund
   555 | D:2      | Mangled by Sigmund

Vault maps used:
D:1:      saegor_arrival_simple_e
D:2:      first_bread, uniq_sigmund, uniq_terence

Skill      XL: |  1  2 |
---------------+-------+-----
Stealth        | 5 |  5.3
Spellcasting   | 3 |  3.0
Short Blades   | |  1.1
Dodging        | |  3.0
Hexes          | |  3.8

Action                   || total
-------------------------++-------
Melee: Dagger            ||    37
 Stab: Sleeping          ||     6
Armor: Robe              ||     3
Dodge: Dodged            ||    30
